cohdb
Replays
Latest Replays
All Replays
Popular Replays
Top Player Replays
Match Explorer
How It Works
Community
CoH3 Stats
Reddit
Sign in to upload your games and track your stats! →
Sign in with Steam
Match 41079693
Unlisted
Match 41079693
Overview
Messages
Build Orders
End
Construct Section Command Post
Royal Engineer Section
Selects Canadian Shock Battlegroup
Infantry Section
Infantry Section
ML 3-inch Mortar Team
Construct Field Infirmary
Selects Attacking Spirit
Selects Canadian Shock Section
Grenade Package
Construct Platoon Command Post
Canadian Shock Section
Selects Burnout
Vickers Machine Gun Team
Construct Company Command Post
Matilda II Heavy Tank
Burnout
Selects Pyrotechnics
Royal Engineer Section
Burnout
Foot Guards Section
Burnout
Matilda II Heavy Tank
Burnout
AI Takeover
Cesare
^3
0
0
Comments
sign in to comment!
No comments posted yet!